cohdb
Replays
Latest Replays
All Replays
Popular Replays
Top Player Replays
Match Explorer
How It Works
Community
CoH3 Stats
Reddit
Sign in to upload your games and track your stats! →
Sign in with Steam
Match 45349791
Unlisted
Match 45349791
Overview
Messages
Build Orders
End
Kradschützen Motorcycle Team
Panzergrenadier Squad
Panzergrenadier Squad
250 Light Carrier
Selects Battlefield Espionage Battlegroup
Construct Light Support Kompanie
Selects 250/3 Funkpanzerwagen
Assault Grenadier Squad
Selects Intel Disruption Beacon
Panzergrenadier Squad
Assault Mechanized Group
Fire Support Elements
2.5-tonne Medical Truck
Construct Panzerarmee Kommand
Walking Stuka Rocket Launcher
Selects Advanced Ambush Training
Veteran Squad Leaders
Armored Reserves
Selects Plunder
Panzer IV Assault Group
Selects Firestorm
Pak 38 Anti-tank Gun Team
Firestorm
StuG Assault Group
2.5-tonne Medical Truck
250/3 Funkpanzerwagen
Firestorm
Selects Operation Skorpion
[PD]Folscher
[PD] squisl
[PD]Bimbi
Nico-Nico-Nii~~
Horeneks
[PD] PragerSchinken
Desmestrios
Na_Orbite
0
0
Comments
sign in to comment!
No comments posted yet!